Map: Sacred Grounds

Players

irvinz

  • Race: Zerg Zerg
  • Spawn Location: 6:00

Nagle

  • Race: Zerg Zerg
  • League: Silver
  • Spawn Location: 12:00

bertman

  • Race: Terran Terran
  • Spawn Location: 12:00

rod

  • Race: Terran Terran
  • Spawn Location: 12:00

BlueHawk

  • Race: Terran Terran
  • League: Silver
  • Spawn Location: 6:00

Remiel

  • Race: Terran Terran
  • Spawn Location: 12:00

Trojanfox

  • Race: Terran Terran
  • Spawn Location: 6:00

VOD

Have the link to the VOD?

Description

Time

  • Played on: Aug. 1, 2018, 11:13 p.m.
  • Length: 13:37
Show
View Real Time Build Order
Export as new Build Order

irvinz Zerg 

Build Orders: Pool First 

Get SALT Encoding   

  12  0:03  Drone  
  13  0:08  Drone  
  14  0:17  Overlord  
  14  0:35  Drone x2  
  14  0:36  Drone  
  17  0:46  Drone  
  18  0:51  Spawning Pool  
  17  1:02  Drone  
  18  1:17  Hatchery  
  17  1:22  Extractor, Drone  
  17  1:36  Drone  
  17  1:38  Zergling x2, Queen  
  21  1:45  Overlord  
  21  1:51  Drone  
  22  2:05  Drone  
  23  2:16  Hatchery  
  23  2:21  Drone  
  22  2:23  Drone  
  23  2:32  Metabolic Boost  
  23  2:34  Drone  
  23  2:36  Drone  
  25  2:45  Drone  
  26  2:53  Drone  
  26  2:54  Zergling x4  
  26  2:56  Drone  
  26  2:57  Drone  
  31  3:01  Overlord  
  31  3:07  Drone  
  32  3:23  Zergling x6  
  33  3:29  Drone x2  
  33  3:30  Drone x2  
  33  3:31  Drone  
  33  3:33  Queen  
  39  3:37  Drone  
  40  3:41  Drone  
  40  3:46  Drone  
  40  3:47  Drone  
  43  3:49  Drone  
  44  3:57  Drone  
  44  4:01  Drone x4  
  49  4:04  Extractor  
  48  4:14  Spine Crawler, Drone  
  48  4:15  Drone  
  48  4:16  Overlord  
  49  4:31  Overlord x2  
  49  4:34  Extractor, Lair  
  49  4:35  Drone x3  
  49  4:36  Drone  
  52  4:45  Hatchery, Drone x2  
  53  4:55  Drone x2  
  53  4:56  Spine Crawler  
  53  4:57  Spine Crawler  
  53  5:02  Drone x6  
  59  5:07  Drone  
  59  5:12  Spine Crawler, Drone  
  60  5:16  Drone x2  
  60  5:17  Drone  
  60  5:18  Queen  
  65  5:21  Spine Crawler  
  65  5:22  Drone x2  
  65  5:25  Extractor  
  64  5:31  Drone x2  
  64  5:32  Evolution Chamber  
  64  5:35  Drone x3  
  67  5:40  Drone x2  
  67  5:41  Drone  
  71  5:46  Drone x2  
  73  5:59  Drone x2  
  73  6:00  Drone  
  74  6:12  Spire  
  74  6:14  Hydralisk Den, Hatchery, Zergling x4  
  74  6:15  Zergling x8  
  74  6:16  Roach Warren  
  74  6:18  Zerg Ground Armor Level 1  
  76  6:28  Drone  
  76  6:29  Zergling x2, Drone  
  79  6:35  Overlord x2  
  79  6:36  Overlord x2, Extractor x2  
  77  6:44  Queen  
  77  6:45  Evolution Chamber  
  78  6:47  Overlord  
  78  6:53  Queen  
  80  7:09  Roach  
  80  7:10  Roach x4  
  80  7:11  Zergling x4, Roach x2  
  96  7:20  Drone x5  
  101  7:23  Roach x2  
  101  7:27  Mutalisk x2  
  101  7:29  Burrow  
  109  7:33  Drone  
  110  7:40  Extractor, Queen  
  110  7:42  Drone  
  110  7:43  Drone  
  110  7:44  Extractor, Roach  
  112  7:49  Mutalisk x2  
  112  7:51  Zerg Flyer Weapons Level 1  
  118  7:55  Mutalisk, Spire  
  119  7:59  Overlord x3  
  119  8:14  Zerg Melee Weapons Level 1  
  119  8:19  Overlord x2  
  119  8:25  Mutalisk x3  
  125  8:28  Mutalisk  
  125  8:30  Zergling x12  
  133  8:36  Mutalisk  
  133  8:41  Corruptor  
  135  8:47  Spore Crawler x2  
  135  8:49  Spore Crawler  
  134  9:00  Mutalisk, Corruptor  
  134  9:01  Corruptor x2  
  141  9:07  Zergling x2  
  142  9:12  Drone x4  
  142  9:13  Drone x4  
  150  9:21  Hatchery  
  150  9:24  Zerg Flyer Armor Level 1  
  149  9:29  Infestation Pit  
  148  9:38  Overseer  
  141  9:44  Queen  
  142  9:57  Roach x2  
  142  9:58  Roach  
  147  10:04  Mutalisk  
  147  10:05  Mutalisk x3  
  147  10:06  Mutalisk  
  152  10:14  Queen  
  147  10:20  Pneumatized Carapace  
  149  10:30  Mutalisk x2  
  149  10:31  Mutalisk, Zergling x2  
  149  10:32  Mutalisk, Overlord x2, Zergling x2  
  149  10:33  Zergling x8  
  158  10:52  Mutalisk x2  
  158  10:53  Mutalisk x4, Zergling x4  
  158  10:54  Zergling x6  
  158  10:55  Drone  
  174  11:13  Spine Crawler  
  174  11:14  Spore Crawler x2  
  174  11:16  Corruptor  
  173  11:35  Drone  
  173  11:37  Overlord  
  173  11:38  Overlord x2, Extractor  
  172  11:51  Infestation Pit  
  167  12:09  Corruptor x4, Roach  
  167  12:10  Corruptor x3  
  167  12:12  Mutalisk x3  
  167  12:13  Mutalisk x2, Zergling x6  
  167  12:14  Overlord, Zergling x6  
  175  12:42  Mutalisk x6  
  175  12:43  Mutalisk  
  189  12:46  Corruptor x2  
  185  13:16  Zergling x6  
Show
View Real Time Build Order
Export as new Build Order

Nagle Zerg 

Build Orders: Pool First 

Get SALT Encoding   

  12  0:02  Drone  
  13  0:11  Drone  
  14  0:17  Extractor  
  14  0:21  Overlord  
  13  0:34  Drone  
  15  0:42  Drone  
  15  0:48  Spawning Pool  
  14  0:54  Drone  
  15  1:03  Drone  
  16  1:21  Hatchery  
  16  1:23  Drone  
  16  1:31  Drone  
  17  1:40  Queen  
  19  1:48  Drone  
  19  1:49  Overlord  
  19  1:51  Zergling x2  
  21  2:06  Extractor  
  20  2:33  Drone x2  
  20  2:35  Queen  
  24  2:37  Drone  
  25  3:01  Roach Warren  
  24  3:42  Roach x2  
  24  3:43  Overlord x2  
  28  4:02  Drone  
  28  4:03  Drone x2  
  28  4:09  Roach  
  36  4:10  Roach x2  
  36  4:15  Lair  
  36  4:29  Roach x2  
  40  4:49  Overlord  
  40  4:50  Overlord  
  40  5:02  Drone x4  
  40  5:03  Overlord x2  
  44  5:10  Extractor  
  44  5:11  Drone x4  
  44  5:12  Extractor, Drone x2  
  48  5:16  Glial Reconstitution  
  48  5:22  Evolution Chamber  
  48  5:26  Evolution Chamber  
  46  5:29  Burrow  
  44  6:03  Roach x3  
  52  6:04  Roach x4  
  58  6:16  Drone  
  58  6:17  Drone  
  60  6:26  Zerg Ground Armor Level 1  
  60  6:27  Zerg Missile Weapons Level 1  
  60  6:56  Roach x2  
  60  6:57  Roach x4  
  60  6:58  Tunneling Claws  
  60  7:05  Drone x6  
  66  7:38  Roach x10  
  66  7:43  Drone x3  
  66  7:44  Drone x3  
  72  7:45  Overlord  
  72  7:46  Overlord  
  72  8:06  Roach x3  
  72  8:07  Roach x7  
  92  8:26  Hatchery  
  91  8:47  Zerg Ground Armor Level 2  
  91  8:48  Zerg Missile Weapons Level 2  
  91  8:51  Overlord x3  
  91  9:01  Spire  
  90  9:11  Roach x21  
  90  9:12  Roach x2  
  90  9:15  Roach x23  
  90  9:17  Roach x23  
  90  9:25  Roach x23  
  90  9:29  Roach x23  
  90  9:35  Roach x23  
  90  9:42  Roach x23  
  90  9:49  Roach x22  
  88  10:08  Roach x15  
  80  10:16  Roach x13  
  76  10:28  Roach x7  
  44  11:05  Hydralisk Den  
  44  11:06  Drone x3  
  44  11:08  Queen  
  48  11:17  Mutalisk x3  
  54  11:26  Drone  
  55  11:46  Hatchery  
  54  11:49  Roach  
  54  11:50  Roach x4  
  64  11:55  Roach x5  
  64  11:56  Roach x4  
  82  12:01  Roach  
  82  12:03  Roach x3  
  90  12:13  Spine Crawler  
  89  12:16  Spine Crawler  
  89  12:22  Spine Crawler  
  85  12:24  Spine Crawler  
  85  12:25  Spine Crawler  
  67  12:39  Spine Crawler  
  66  12:54  Roach x3  
  66  12:55  Roach x2  
  66  12:56  Roach  
  66  12:57  Roach x3  
Show
View Real Time Build Order
Export as new Build Order

bertman Terran 

Build Orders:  

Get SALT Encoding   

  12  0:01  SCV  
  13  0:20  Supply Depot  
  13  0:28  SCV  
  14  0:40  SCV  
  15  0:44  Barracks  
  15  0:52  SCV  
  16  1:05  SCV  
  16  1:10  Refinery  
  17  1:17  SCV  
  18  1:29  SCV  
  18  1:30  Marine  
  20  1:46  Supply Depot  
  20  1:48  Marine  
  21  2:06  Marine  
  22  2:08  Barracks  
  22  2:18  Factory  
  22  2:24  Marine  
  22  2:29  SCV  
  24  2:41  SCV  
  24  2:42  Marine  
  26  2:53  SCV  
  26  2:57  Refinery  
  27  2:59  Marine  
  27  3:03  Supply Depot  
  28  3:12  Starport  
  28  3:17  Marine  
  25  3:35  Marine  
  25  3:40  Bunker  
  25  3:45  Factory Tech Lab  
  25  3:50  SCV  
  25  3:53  Marine  
  27  4:02  Barracks  
  27  4:11  Supply Depot  
  27  4:16  Medivac  
  29  4:25  Marine x2  
  31  4:38  Supply Depot  
  31  4:42  Marine  
  31  4:43  Marine  
  36  5:00  Siege Tank, Marine  
  36  5:01  Starport Tech Lab, Marine  
  38  5:09  SCV  
  38  5:11  Command Center  
  39  5:18  Marine x2  
  41  5:22  Marine  
  42  5:28  Medivac  
  42  5:32  Siege Tank  
  47  5:36  Marine x2  
  47  5:40  Marine  
  50  5:54  Marine  
  50  5:57  Barracks  
  51  5:59  Medivac  
  53  6:16  Engineering Bay  
  53  6:43  Marine x4  
  53  6:46  SCV  
  58  6:58  SCV  
  58  7:00  Marine  
  58  7:01  Marine x3  
  63  7:09  Orbital Command  
  63  7:10  Refinery, SCV  
  64  7:18  Marine x2  
  64  7:22  SCV  
  68  7:30  Supply Depot  
  68  7:34  SCV  
  68  7:36  Barracks Tech Lab  
  68  7:46  SCV  
  69  8:04  Stimpack  
  69  8:05  Terran Infantry Weapons Level 1  
  69  8:07  SCV  
  69  8:10  Refinery  
  70  8:19  SCV  
  71  8:21  Siege Tank  
  74  8:31  SCV  
  75  8:53  Siege Tank  
  78  10:00  Reaper  
  78  10:01  Reaper  
  63  11:07  Medivac  
  63  11:10  Siege Tank  
  63  11:11  Marine x4  
  72  11:21  Barracks  
  72  11:29  Marine x3  
  75  11:37  Medivac  
  77  11:45  Siege Tank  
  57  12:07  Marine x2  
  62  12:19  Marine  
  59  12:25  Marine x2  
  53  12:37  Marine  
  53  12:43  Marine  
Show
View Real Time Build Order
Export as new Build Order

rod Terran 

Build Orders:  

Get SALT Encoding   

  12  0:01  SCV  
  13  0:13  SCV  
  14  0:20  Supply Depot  
  14  0:27  SCV  
  15  0:35  Refinery  
  15  0:53  Barracks  
  15  0:54  Refinery, SCV  
  16  1:07  SCV  
  17  1:21  Engineering Bay  
  17  1:38  SCV  
  18  1:47  Marine  
  18  1:50  SCV  
  20  2:05  Marine  
  21  2:11  Terran Infantry Weapons Level 1  
  21  2:23  Command Center  
  21  2:52  Marine  
  22  3:10  Marine  
  23  3:34  Marine  
  23  3:35  SCV  
  23  3:36  Supply Depot  
  25  3:47  SCV  
  26  3:52  Marine  
  27  3:59  Orbital Command  
  27  4:05  Terran Infantry Armor Level 1  
  27  4:06  Engineering Bay  
  27  4:12  Barracks Reactor  
  25  4:44  Factory  
  25  4:45  SCV  
  26  4:51  SCV  
  27  5:03  SCV  
  28  5:11  Refinery  
  28  5:15  Refinery, SCV  
  29  5:32  Barracks  
  29  5:38  Armory  
  29  5:40  Structure Armor  
  29  6:00  Hi-Sec Auto Tracking  
  29  6:10  Command Center  
  29  6:14  SCV  
  30  6:20  Barracks  
  30  6:26  SCV  
  30  6:31  Supply Depot  
  31  6:38  Marine x2  
  33  6:47  Marine  
  34  6:55  Supply Depot, Marine  
  34  6:56  Terran Infantry Armor Level 2, Marine  
  38  7:01  Widow Mine  
  38  7:13  Marine x2  
  40  7:18  Supply Depot  
  40  7:20  Terran Infantry Weapons Level 2  
  42  7:23  Hellion  
  42  7:35  Barracks Reactor  
  42  7:36  Barracks Reactor, Barracks  
  42  7:40  Marine  
  42  7:41  Supply Depot, Marine  
  44  7:46  Sensor Tower  
  44  7:57  SCV  
  45  7:58  Marine x2  
  45  8:03  Supply Depot  
  45  8:04  SCV  
  48  8:09  SCV  
  49  8:16  SCV  
  50  8:35  Barracks  
  50  8:41  Starport  
  46  8:50  Missile Turret  
  46  9:09  Missile Turret  
  46  9:16  Marine x4  
  50  9:23  Barracks  
  50  9:26  Marine x2  
  50  9:29  Missile Turret  
  52  9:44  Terran Vehicle Weapons Level 1  
  52  9:49  Missile Turret  
  52  9:57  Cyclone  
  55  10:00  Marine x2  
  55  10:01  Marine x5  
  55  10:02  Marine  
  50  10:10  Missile Turret  
  50  10:13  Bunker  
  50  10:14  SCV  
  50  10:18  Marine x3  
  50  10:19  Marine x2  
  55  10:24  SCV  
  55  10:26  SCV  
  55  10:27  Orbital Command  
  55  10:36  SCV  
  55  10:40  Barracks  
  56  10:48  SCV  
  56  11:00  SCV  
  57  11:14  Marine x2  
  57  11:15  Marine  
  57  11:17  Barracks Tech Lab  
  58  11:45  SCV  
  59  11:57  SCV  
  60  12:05  Marine x2  
  60  12:06  Marine x2  
  60  12:07  Barracks Reactor  
  64  12:09  SCV  
  64  12:13  Marine  
  64  12:14  Marine  
  64  12:15  Marine  
  68  12:16  Marine  
  68  12:21  SCV  
  70  12:32  Sensor Tower  
  70  12:33  SCV  
  55  12:59  Supply Depot  
  55  13:02  Refinery  
  43  13:22  Supply Depot  
Show
View Real Time Build Order
Export as new Build Order

BlueHawk Terran 

Build Orders:  

Get SALT Encoding   

  12  0:09  Supply Depot  
  12  0:19  SCV  
  13  0:32  Barracks  
  13  0:35  SCV  
  14  0:47  Refinery, SCV  
  15  1:00  SCV  
  16  1:15  Supply Depot, SCV  
  17  1:38  Bunker  
  17  1:42  Bunker  
  17  1:44  Marine  
  17  1:45  SCV  
  19  1:50  Refinery  
  19  1:59  SCV  
  20  2:21  Bunker  
  20  2:23  Marine  
  21  2:36  Command Center  
  21  2:39  SCV  
  21  2:43  Marine  
  23  2:51  SCV  
  24  3:05  Factory  
  24  3:07  SCV  
  24  3:08  Marine  
  26  3:31  Orbital Command  
  26  3:48  Engineering Bay  
  26  3:54  Marine  
  27  3:56  Orbital Command  
  27  4:01  SCV  
  28  4:15  Factory Tech Lab  
  28  4:18  Starport  
  28  4:21  Armory, SCV  
  30  4:24  SCV  
  30  4:35  SCV  
  31  4:38  Barracks Tech Lab  
  31  4:50  SCV x2  
  33  4:56  Refinery  
  33  5:02  Starport Tech Lab, SCV  
  34  5:14  Factory Tech Lab  
  34  5:17  Starport  
  34  5:28  SCV x2  
  36  5:29  Fusion Core  
  36  5:34  Refinery  
  36  5:40  SCV  
  37  5:47  SCV  
  38  5:55  SCV  
  39  5:57  Command Center  
  39  6:07  Starport  
  39  6:08  Factory Tech Lab  
  39  6:18  SCV  
  39  6:22  Starport, Supply Depot  
  39  6:24  Supply Depot  
  39  6:25  Supply Depot x2, SCV  
  41  6:28  Supply Depot  
  41  6:35  SCV  
  42  6:50  Battlecruiser x2  
  54  7:03  SCV  
  54  7:04  SCV  
  56  7:15  Starport  
  56  7:16  SCV  
  56  7:17  SCV  
  56  7:21  Orbital Command  
  58  7:25  Battlecruiser  
  64  7:34  Terran Vehicle Weapons Level 1  
  64  7:42  Refinery  
  64  7:46  Refinery  
  64  7:54  Battlecruiser  
  64  7:57  Starport  
  70  8:00  SCV  
  70  8:01  SCV x2  
  73  8:11  Armory  
  73  8:22  SCV x2  
  73  8:23  SCV  
  73  8:25  Battlecruiser  
  74  8:48  Battlecruiser  
  74  8:51  SCV  
  74  8:52  SCV x2  
  83  8:59  Missile Turret  
  83  9:04  SCV  
  83  9:07  Battlecruiser  
  90  9:11  Starport Tech Lab  
  90  9:18  SCV x3  
  90  9:22  Missile Turret x2  
  90  9:23  Missile Turret  
  93  9:25  Missile Turret  
  93  9:27  Missile Turret  
  93  9:28  Missile Turret, Terran Vehicle And Ship Armor Level 1  
  93  9:30  SCV x3  
  93  9:31  Missile Turret  
  96  9:41  Refinery  
  96  9:44  Refinery, Missile Turret  
  96  9:51  SCV  
  96  9:52  SCV x2  
  99  10:03  Missile Turret  
  99  10:23  Missile Turret  
  99  10:28  SCV x2  
  101  10:37  Supply Depot x2  
  101  10:38  Supply Depot  
  101  10:39  Supply Depot  
  101  10:40  Supply Depot  
  101  10:43  Missile Turret  
  101  10:59  SCV, Battlecruiser x2  
  101  11:00  Battlecruiser x3  
  101  11:03  Missile Turret  
  132  11:16  Factory Tech Lab  
  132  11:22  Missile Turret  
  132  11:24  Battlecruiser  
  138  11:43  Missile Turret  
  138  12:01  Command Center  
  138  12:07  Battlecruiser, Command Center  
  126  12:16  Weapon Refit  
  126  12:19  Battlecruiser x2  
Show
View Real Time Build Order
Export as new Build Order

Remiel Terran 

Build Orders:  

Get SALT Encoding   

  12  0:02  SCV  
  13  0:14  SCV  
  14  0:33  Supply Depot  
  14  0:34  SCV  
  15  1:02  SCV  
  16  1:11  Barracks  
  16  1:16  SCV  
  17  1:27  Supply Depot  
  17  1:30  SCV  
  18  2:05  Bunker  
  18  2:11  Barracks  
  18  2:13  Marine  
  19  2:17  Command Center  
  19  2:18  SCV  
  20  2:27  Refinery  
  20  2:30  Refinery  
  20  2:31  SCV  
  20  2:34  Marine  
  22  3:04  Marine x2  
  23  3:17  SCV  
  24  3:41  SCV  
  24  3:47  Orbital Command  
  25  3:54  Marine x2  
  27  4:05  Barracks  
  27  4:12  Marine x2  
  29  4:20  SCV  
  29  4:22  SCV  
  31  4:36  Factory  
  31  4:43  Marine x2  
  33  4:47  SCV  
  33  4:48  SCV  
  35  4:54  Marine  
  35  4:59  SCV  
  37  5:00  SCV, Marine  
  37  5:01  Marine  
  40  5:12  Marine  
  41  5:21  Barracks  
  41  5:27  Starport  
  41  5:28  Marine x2  
  41  5:30  Marine  
  44  5:46  Marine x2, Factory Tech Lab  
  46  6:01  Supply Depot  
  46  6:02  Supply Depot  
  46  6:12  Barracks  
  46  6:23  SCV x2, Marine x4, Medivac  
  54  6:46  SCV  
  55  6:49  Supply Depot  
  55  6:53  Medivac  
  55  6:54  Supply Depot  
  57  7:15  Marine  
  57  7:16  Marine x4  
  62  7:23  Barracks  
  62  7:29  Barracks  
  62  7:33  SCV  
  62  7:34  SCV  
  62  7:35  Marine  
  62  7:36  Marine x4  
  69  7:47  Supply Depot  
  69  7:48  Supply Depot  
  69  7:53  Marine  
  70  8:07  Marine x4  
  70  8:09  Supply Depot, Marine  
  70  8:11  Marine  
  70  8:12  Supply Depot  
  76  8:19  SCV  
  77  8:25  Marine x4  
  77  8:26  Refinery  
  81  8:27  Marine  
  81  8:28  Refinery  
  81  8:29  Marine  
  81  8:31  SCV  
  84  8:34  Supply Depot  
  84  8:35  Marine  
  85  8:42  Marine  
  85  8:43  SCV, Marine x3  
  90  8:52  Fusion Core  
  90  8:55  SCV  
  91  9:07  Command Center  
  81  9:19  SCV  
  82  9:27  Marine x2  
  82  9:28  Marine x5  
  89  9:32  Starport Tech Lab  
  89  9:45  Marine x3  
  89  9:46  Marine x4  
  96  10:03  Marine  
  89  10:22  Marine x2  
  89  10:23  Marine x5  
  96  10:31  Supply Depot  
  96  10:33  Supply Depot  
  96  10:34  SCV  
  97  10:40  Marine x3  
  97  10:41  Marine x4  
  104  10:47  Siege Tank, SCV  
  108  10:58  Marine x4  
  108  10:59  SCV, Marine x2  
  108  11:03  Supply Depot  
  115  11:09  Supply Depot  
  115  11:11  SCV  
  116  11:14  Marine  
  116  11:16  Marine x3  
  120  11:19  Siege Tank  
  120  11:23  SCV  
  124  11:35  SCV  
  125  11:47  SCV  
  89  12:01  Marine  
  89  12:02  Marine x6  
  96  12:19  Marine x3  
  96  12:20  Marine x4  
  98  12:37  Marine x4  
  98  12:38  Marine x2  
  104  12:51  Marine  
  104  12:55  Marine x5  
  104  12:56  Marine  
  111  13:09  Marine  
Show
View Real Time Build Order
Export as new Build Order

Trojanfox Terran 

Build Orders:  

Get SALT Encoding   

  12  8:55  Engineering Bay  
  12  9:07  Supply Depot  
  12  11:00  Missile Turret  
  12  11:12  Missile Turret  
  12  12:08  Missile Turret  
Tags
 
Add a new tag
Caveats
  • Supply blocks, unpowered buildings, or Contaminate may cause inaccurate times.
  • Supply counts are checked every 10 seconds.